 Dungeon Crawl Stone Soup version 0.27-a0-1308-gc08437e49b (webtiles) character file.

Game seed: 6167468319448325201

10 sanka the Magician (level 2, -5/21 HPs)
             Began as a Djinni Summoner on June 18, 2021.
             Frozen to death by an endoplasm (6 damage)
             ... on level 1 of the Dungeon.
             The game lasted 00:01:22 (1128 turns).

sanka the Magician (Djinni Summoner)                Turns: 1128, Time: 00:01:23

Health: -5/21      AC:  4    Str:  7    XL:     2   Next: 30%
Gold:   40         EV: 12    Int: 16    God:
                   SH:  0    Dex: 13

rFire    + + .     SeeInvis .   c - +0 hand axe
rCold    x . .     Faith    .   (no shield)
rNeg     . . .     Spirit   .   a - +0 robe
rPois    ∞         Reflect  .   g - +0 helmet
rElec    .         Harm     .   (no cloak)
rCorr    .         Rampage  .   d - +0 pair of gloves
Will     .....                  (boots unavailable)
Stlth    ++........             (no amulet)
HPRegen  0.07/turn              (no ring)
MPRegen  0.00/turn              (no ring)

@: flying
A: sickness immunity, fire resistance 2, cold vulnerability 1, float, innate
caster, hp casting, extra vitality 1
a: no special abilities


You were on level 1 of the Dungeon.
You visited 1 branch of the dungeon, and saw 1 of its levels.

You collected 40 gold pieces.


Innate Abilities, Weirdness & Mutations

You are immune to sickness and miasma.
You are immune to poison.
Your flesh is very heat resistant. (rF++)
You are vulnerable to cold. (rC-)
You float through the air rather than walking.
You learn spells naturally, not from books.
Your magical power is your life essence.
You have superior vitality. (+4 HP)


   Skills:
 - Level 2.1 Dodging
 - Level 1.5 Stealth
 + Level 3.6 Spellcasting


You couldn't memorise any spells.
You knew the following spells:

 Your Spells              Type           Power      Damage    Failure   Level
c - Call Canine Familiar  Summ           14%        N/A       12%         3
v - Summon Ice Beast      Ice/Summ       14%        N/A       36%         4
x - Call Imp              Summ           14%        N/A       6%          2
z - Summon Small Mammal   Summ           56%        N/A       4%          1
X - Summon Lightning Spi  Summ/Air       14%        N/A       36%         4
Z - Summon Guardian Gole  Hex/Summ       14%        N/A       12%         3
Your spell library was empty.

Inventory:

Hand Weapons
 c - a +0 hand axe (weapon)
Armour
 a - a +0 robe (worn)
 d - a +0 pair of gloves (worn)
 g - a +0 helmet (worn)
Scrolls
 b - a scroll of holy word {unknown}
 e - a scroll of identify {unknown}
Potions
 f - a potion of heal wounds {unknown}

Dungeon Overview and Level Annotations

Branches:
Dungeon (1/15)

Altars:

..▒ ▒...........
▒.▒ ▒▒▒.▒▒▒▒▒▒▒▒.
▒.▒ ▒▒▒.▒.▒.▒▒ ▒.
▒.▒▒▒...▒.▒P.P▒ .
▒.▒▒P...▒.▒P..P
▒.▒▒..▒▒▒.▒▒▒..▒▒▒.
▒.▒..P▒.....▒.P.▒..
▒S▒▒▒▒▒.....▒...▒.▒
▒bRJ........▒..P▒.▒
▒▒▒▒▒▒▒.....▒.P.▒.▒
▒.PP▒.....▒...▒.▒
▒▒..▒▒▒▒▒▒▒.P▒▒.▒
▒......PP...▒▒..
▒▒...Pb....▒▒▒..
▒▒▒...P.▒▒▒ ▒..
▒▒▒▒▒▒▒▒▒▒).
▒..........


You could see an endoplasm (ally target), a ball python and a friendly bat
(summoned).


Message History

You are frozen.
You feel a terrible chill!
* * * LOW HITPOINT WARNING * * *
You barely miss the endoplasm.
The endoplasm is almost dead.
The endoplasm freezes you.
You are frozen.
You feel a terrible chill!
* * * LOW HITPOINT WARNING * * *
The endoplasm closely misses you.
A ball python comes into view.
* * * LOW HITPOINT WARNING * * *
The ball python hisses angrily.
Unknown command.
Your bat hits the endoplasm but does no damage.
Your bat hits the endoplasm but does no damage.
Your bat hits the endoplasm but does no damage.
The endoplasm freezes you.
You are frozen.
* * * LOW HITPOINT WARNING * * *
You hit the endoplasm.
The endoplasm is almost dead.
You hit the ball python. The endoplasm misses you. The ball python misses you.
The ball python barely misses you. The endoplasm freezes you.
You are frozen.
You feel a terrible chill!
You die...

Action                   || total
-------------------------++-------
Melee: Hand axe          ||    19
       Unarmed           ||     4
 Cast: Summon Small Mamm ||    14
 Stab: Sleeping          ||     3
Armor: Robe              ||     7
Dodge: Dodged            ||    22

Levels and vault maps discovered:
D:1:      lightli_arrival_maybe_door_vault, layout_basic,
          shapermc_ecumenical_altar_mp_ritualfount, serial_aquarium,
          aquarium_bridge_island_small [aquarium_subvault_small_open,
          aquarium_subvault_bridge, aquarium_subvault_bridge,
          aquarium_subvault_wall, aquarium_subvault_window],
          aquarium_bridge_square [aquarium_subvault_window,
          aquarium_subvault_wall, aquarium_subvault_bridge,
          aquarium_subvault_bridge], aquarium_window_fake, aquarium_window_1,
          aquarium_view_2e, aquarium_balcony_5b, aquarium_pool_1,
          ebering_dispersal_statue_hall

Notes
Turn   | Place    | Note
-------+----------+-------------------------------------------
     0 | D:1      | sanka the Djinni Summoner began the quest for the Orb.
     0 | D:1      | Reached XP level 1. HP: 15/15 MP: 0/0
   790 | D:1      | Reached XP level 2. HP: 20/21 MP: 0/0
  1074 | D:1      | Found a faded altar of an unknown god.
  1094 | D:1      | HP: 1/21 [frozen (3)]
  1127 | D:1      | HP: 1/21 [frozen (1)]
  1128 | D:1      | Frozen to death by an endoplasm

Vanquished Creatures
  2 bats (D:1)
  A hobgoblin (D:1)
  A ball python (D:1)
  A frilled lizard (D:1)
  2 kobolds (D:1)
7 creatures vanquished.

Vanquished Creatures (collateral kills)
  An endoplasm (D:1)
  A hobgoblin (D:1)
  A bat (D:1)
  A frilled lizard (D:1)
  A rat (D:1)
5 creatures vanquished.

Grand Total: 12 creatures vanquished
